[Event "Championnat du monde jeunes U12F"]
[Date "2024.11.15"]
[White "Chovanec, Alice"]
[Black "Qiu, Laurie"]
[WhiteElo "1694"]
[BlackElo "1994"]
[Round "1.1"]
[Result "1/2-1/2"]
[TimeControl "5400+30"]

1. d4 d5 2. c4 e6 3. Nc3 Nf6 4. cxd5 exd5 5. Bg5 c6 6. e3 Be7 7. Bd3 O-O 8. Nge2 Nbd7 9. Qc2 Re8 10. O-O Nf8 11. f3 g6 12. e4 dxe4 13. fxe4 Ng4 14. Bxe7 Rxe7 15. Qd2 Qc7 16. e5 Kg7 17. h3 Nh6 18. Qg5 Ng8 19. Nf4 Ne6 20. Nxe6+ Bxe6 21. Ne4 Qb6 22. Qe3 Rd8 23. Nd6 Bxh3 24. Qxh3 Qxd4+ 25. Kh1 Qxe5 26. Nxf7 Rxf7 27. Rxf7+ Kxf7 28.
Qxh7+ Qg7 29. Bxg6+ Kf8 30. Rf1+ Nf6 31. Qh4 Rd6 32. Qg3 Qe7 33. Kg1 Re6 34. Qg5 Re1 35. Rxe1 Qxe1+ 36. Kh2 Qe7 37. Qf4 Kg7 38. Bf5 Nd5 39. Qg4+ Kf6 40. Be4 Qe5+ 41. Kh1 Qxb2 42. Qf5+ Ke7 43. Bxd5 Qa1+ 44. Kh2 Qh8+ 45. Kg3 cxd5 46. Qxd5 Qc3+ 47. Kh4 Qf6+ 48. Kg4 Qg6+ 1/2-1/2

[Variant "Standard"]
[Site "Europe Echecs"]

[Event "Championnat du monde jeunes U12F"]
[Date "2024.11.15"]
[White "Ejsymont, Blanka"]
[Black "Abylaykyzy, Bibisara"]
[WhiteElo "1945"]
[BlackElo "1694"]
[Round "1.2"]
[Result "1-0"]
[TimeControl "5400+30"]

1. e4 c5 2. Nc3 Nc6 3. Nge2 d6 4. d4 cxd4 5. Nxd4 Nf6 6. f3 a6 7. Bg5 e6 8. Qd2 Bd7 9. Bc4 Be7 10. Bb3 h6 11. Be3 Na5 12. g4 Qc7 13. h4 Nc4 14. Bxc4 Qxc4 15. O-O-O O-O-O 16. Nb3 Kb8 17. Bf2 Qc7 18. Qd4 b5 19. a4 Rc8 20. Qb4 Rhe8 21. axb5 axb5 22. Qd4 d5 23. Rd2 e5 24. Qd3 d4 25. Ne2 Qc6 26. g5 Be6 27. Nexd4 exd4 28. Qxd4 Qa6 29. Kb1 Red8 30. Qe5+ Bd6 31. Rxd6 Rxd6 32. gxf6 gxf6 33. Qf4 Bxb3 34. cxb3 Ka8 35. Qxh6 b4 36. Qe3 Rd3 37. Qb6 Qxb6 38. Bxb6 1-0

[Variant "Standard"]
[Site "Europe Echecs"]

[Event "Championnat du monde jeunes U12F"]
[Date "2024.11.15"]
[White "Messali Anger, Ilyana"]
[Black "Pratitee Bordoloi"]
[WhiteElo "1687"]
[BlackElo "1929"]
[Round "1.3"]
[Result "0-1"]
[TimeControl "5400+30"]

1. e4 c6 2. d4 d5 3. Nc3 dxe4 4. Nxe4 Nf6 5. Nxf6+ exf6 6. c3 Bd6 7. Bd3 O-O 8. Ne2 Re8 9. O-O Nd7 10. Ng3 Nf8 11. f4 Ng6 12. f5 Ne7 13. Qh5 Nd5 14. Ne4 Bf8 15. Qh4 b6 16. Rf3 Kh8 17. Rh3 Bxf5 18. g4 Rxe4 19. Bxe4 Bxe4 20. Bd2 Bd6 21. Rf1 Qd7 22. Re1 Bg6 23. Kh1 b5 24. b3 Nb6 25. Rhe3 c5 26. dxc5 Qc6+ 27. Kg1 Bxc5 28. Kf1 Bxe3 29. Rxe3 Qh1+ 30. Kf2 Rd8 31. Be1 Nd5 32. Rh3 Nf4 33. Rg3 Nd3+ 34. Ke3 Qxe1+ 35. Kf3 Qe4# 0-1

[Variant "Standard"]
[Site "Europe Echecs"]

[Event "Championnat du monde jeunes U12F"]
[Date "2024.11.15"]
[White "Hanya Shah"]
[Black "Chichinadze, Anastasia"]
[WhiteElo "1888"]
[BlackElo "1682"]
[Round "1.4"]
[Result "1/2-1/2"]
[TimeControl "5400+30"]

1. c4 c5 2. Nc3 g6 3. g3 Bg7 4. Bg2 Nc6 5. Nf3 Nf6 6. O-O O-O 7. d4 cxd4 8. Nxd4 a6 9. Bg5 Qb6 10. Nxc6 dxc6 11. Qc2 Qc5 12. Bxf6 exf6 13. Na4 Qe5 14. Rad1 Bg4 15. Rfe1 Rad8 16. c5 Qe6 17. b3 Bh3 18. Nb6 Bxg2 19. Kxg2 f5 20. e3 Qe4+ 21. Qxe4 fxe4 22. Nd7 Rfe8 23.
Rd6 Be5 24. Rdd1 Bc3 25. Re2 Kg7 26. Rc2 Re7 27. Rxc3 Rexd7 28. Rxd7 Rxd7 29.
Rc4 f5 30. Kf1 Kf6 31. Ke2 g5 32. Rb4 Ke5 33. h3 h6 34. Rc4 Rd5 35. g4 f4 36. exf4+ gxf4 37. f3 exf3+ 38. Kxf3 Rd3+ 39. Kg2 Rd2+ 40. Kf3 Rd3+ 41. Kg2 Rd2+ 42. Kf3 Rd3+ 43. Kg2 Rd2+ 44. Kf3 1/2-1/2

[Variant "Standard"]
[Site "Europe Echecs"]

[Event "Championnat du monde jeunes U12F"]
[Date "2024.11.15"]
[White "Sri Darshini T"]
[Black "Huang, Lucia"]
[WhiteElo "1681"]
[BlackElo "1621"]
[Round "1.5"]
[Result "1-0"]
[TimeControl "5400+30"]

1. d4 d5 2. c4 c6 3. Nf3 Nf6 4. Nc3 e6 5. Bg5 Nbd7 6. e3 Bd6 7. Qc2 h6 8. Bh4 O-O 9. Bd3 Qc7 10. Rc1 dxc4 11. Bxc4 Nb6 12. Bd3 Nfd5 13. Qe2 Nxc3 14. bxc3 Nd5 15. Bg3 c5 16. O-O b6 17. Rfd1 Bb7 18. Bb1 Rac8 19. c4 Ne7 20. Qd3 f5 21. Bxd6 Qxd6 22. Ne5 Rfd8 23. f3 Qc7 24. Qc2 cxd4 25. exd4 Rd6 26. Qf2 Nc6 27. Nxc6 Qxc6 28. Kh1 Ba6 29. Bd3 Rcd8 30. Bf1 Qd7 31. Qe3 Kh8 32. h3 Rxd4 33. Rxd4 Qxd4 34. Qxe6 Qc5 35. Re1 Qf2 36. Qe7 Qd2 37. Re2 Qd4 38. Re1 Qd2 39. Re2 Qd4 40. Re1 Kh7 41. Qf7 Bc8 42. Re7 Rd7 43. Qxf5+ 1-0

[Variant "Standard"]
[Site "Europe Echecs"]

[Event "Championnat du monde jeunes U12F"]
[Date "2024.11.15"]
[White "Venskaya, Nika"]
[Black "Ivanova, Gabriela"]
[WhiteElo "1871"]
[BlackElo "1680"]
[Round "1.6"]
[Result "1/2-1/2"]
[TimeControl "5400+30"]

1. d4 d5 2. Nf3 Nf6 3. c4 c6 4. Nc3 Bf5 5. cxd5 cxd5 6. Qb3 Bc8 7. Bf4 a6 8. Rc1 Nc6 9. Na4 e6 10. a3 Be7 11. Bd2 Ne4 12. e3 Nxd2 13. Nxd2 Bd7 14. Nc5 Na5 15. Qd1 O-O 16. b4 Bxc5 17. Rxc5 Nc6 18. Bd3 Qe7 19. Qb1 h6 20. O-O a5 21. b5 Nd8 22. b6 e5 23. Rxd5 exd4 24. Rxd4 Nc6 25. Rd5 Be6 26. Rb5 Qxa3 27. Nc4 Bxc4 28. Bxc4 a4 29. Bd5 Rfc8 30. h3 Qe7 31. Ba2 Ra6 32. Rd1 a3 33. Qf5 Rd8 34. Rxd8+ Nxd8 35. Qc8 Kh7 36. Qc2+ Kh8 37. Qb3 Ne6 38. Qd5 Ra8 39. Qb3 Rc8 40. Ra5 Qd6 41. Qxa3 Qxb6 42. Rf5 Kg8 43. Rf3 Qc7 44. Qb3 Qd6 45. Rg3 h5 46. Qa4 b5 47. Qe4 Ng5 48. Qf5 Rc1+ 49. Kh2 h4 50. Qxg5 hxg3+ 51. fxg3 Qd1 52. g4 Qh1+ 53. Kg3 Qe1+ 54. Kh2 Qg1+ 55. Kg3 Qe1+ 56. Kh2 Qg1+ 57. Kg3 1/2-1/2

[Variant "Standard"]
[Site "Europe Echecs"]

[Event "Championnat du monde jeunes U12F"]
[Date "2024.11.15"]
[White "Liu, Jingyu"]
[Black "Kovalskyy, Alicia"]
[WhiteElo "1680"]
[BlackElo "1871"]
[Round "1.7"]
[Result "1/2-1/2"]
[TimeControl "5400+30"]

1. d4 d5 2. c4 e6 3. Nc3 Nf6 4. cxd5 exd5 5. Bg5 Be7 6. e3 Nbd7 7. Bd3 c6 8. Nf3 h6 9. Bh4 O-O 10. O-O Ne4 11. Bxe7 Qxe7 12. Qc2 Re8 13. Rab1 a5 14. Na4 Ndf6 15. Nb6 Rb8 16. Ne5 Qb4 17. Nxc8 Rbxc8 18. f3 Nd6 19. a3 Qb6 20. Rfc1 Qd8 21. Qd2 Nd7 22. Nxd7 Qxd7 23. b4 axb4 24. axb4 Nf5 25. Bxf5 Qxf5 26. Rb3 Qd7 27. Rbc3 Ra8 28. R1c2 Ra1+ 29. Rc1 Raa8 30. R1c2 Ra1+ 1/2-1/2

[Variant "Standard"]
[Site "Europe Echecs"]

[Event "Championnat du monde jeunes U12F"]
[Date "2024.11.15"]
[White "Tong Thai Hoang An"]
[Black "Siddhi Rao"]
[WhiteElo "1869"]
[BlackElo "1677"]
[Round "1.8"]
[Result "0-1"]
[TimeControl "5400+30"]

1. d4 d5 2. c4 e6 3. Nc3 Nf6 4. Nf3 Bb4 5. a3 Bxc3+ 6. bxc3 c5 7. cxd5 exd5 8. Qc2 Qa5 9. Nd2 Nbd7 10. e3 O-O 11. Bd3 c4 12. Be2 Re8 13. O-O b5 14. Bf3 Bb7 15. Rb1 Rab8 16. Rb4 Bc6 17. a4 bxa4 18. Nxc4 Qc7 19. Nb2 Bb5 20. Be2 Bxe2 21. Qxe2 Qxc3 22. Rxa4 Rec8 23. h3 Rb7 24. Nd3 Qc2 25. Qxc2 Rxc2 26. Ra1 h6 27. Ba3 Rb5 28. Bb4 Rb7 29. Ra5 Nb8 30. Bc5 a6 31. Bd6 Rc6 32. Bxb8 Rxb8 33. Rfa1 Rb5 34. Rxa6 Rxa6 35. Rxa6 Ne4 36. f3 Rb1+ 37. Kh2 Nd2 38. Kg3 Rb3 39. Ne5 Nf1+ 40. Kf2 Nxe3 41. Ra8+ Kh7 42. Nxf7 Nf5 43. Rh8+ Kg6 44. Ne5+ Kg5 45. Rd8 Rb2+ 46. Ke1 Nxd4 47. f4+ Kf5 48. Nd3 Rxg2 49. Nf2 Kxf4 50. Rxd5 Nc2+ 51. Ke2 Rg3 52. Rd7 g5 53. Rh7 Nd4+ 54. Kf1 Nf5 55. Rf7 Rf3 56. Ke2 Kg3 57. Ne4+ Kg2 58. Kd2 Ng3 59. Nxg5 hxg5 60. Rh7 Ne4+ 61. Ke2 Rxh3 62. Rg7 Rg3 63. Rg8 g4 64. Rg7 Nf2 65. Rg8 Rf3 66. Rg7 g3 67. Rg8 Nh1 68. Rg7 Rf2+ 69. Ke3 Kg1 70. Rg8 g2 71. Rg7 Kf1 0-1

[Variant "Standard"]
[Site "Europe Echecs"]

[Event "Championnat du monde jeunes U12F"]
[Date "2024.11.15"]
[White "Radenkovic, Lena"]
[Black "Buyankhishig, Batpelden"]
[WhiteElo "1675"]
[BlackElo "1867"]
[Round "1.9"]
[Result "0-1"]
[TimeControl "5400+30"]

1. Nf3 d5 2. g3 Nf6 3. Bg2 Bf5 4. O-O e6 5. d3 Bd6 6. Nbd2 e5 7. e4 dxe4 8. dxe4 Be6 9. Re1 Nbd7 10. b3 O-O 11. Bb2 a5 12. a4 Re8 13. h3 Ra6 14. Ra2 Bb4 15. Re2 Rd6 16. Qc1 Nh5 17. Ra1 Qf6 18. Nf1 Bxh3 19. N1h2 Bxg2 20. Kxg2 Qg6 21. Qg5 Qxg5 22. Nxg5 Rg6 23. Ngf3 Nf4+ 24. Kf1 Nxe2 25. Kxe2 Rc6 26. c4 Nc5 27. Nxe5 Rce6 28. f3 Rxe5 29. Bxe5 Rxe5 30. Rd1 f5 31. Kf1 fxe4 32. fxe4 Rxe4 33. Kf2 Nxb3 34.
Kf3 Rxc4 35. Rf1 Nd2+ 0-1

[Variant "Standard"]
[Site "Europe Echecs"]

[Event "Championnat du monde jeunes U12F"]
[Date "2024.11.15"]
[White "Ahmed Mohamed, Zakaa"]
[Black "Smirnova, Viktoria A"]
[WhiteElo "1866"]
[BlackElo "1658"]
[Round "1.10"]
[Result "1-0"]
[TimeControl "5400+30"]

1. e4 e6 2. d4 d5 3. Nd2 c5 4. c3 Nc6 5. Ngf3 cxd4 6. cxd4 Bb4 7. e5 Qb6 8. a3 Bxd2+ 9. Qxd2 Nge7 10. b4 Bd7 11. Be2 Rc8 12. O-O Nf5 13. Bb2 O-O 14. Bc3 a6 15. a4 Na7 16. b5 Qc7 17. Rfc1 Qb8 18. bxa6 bxa6 19. Bxa6 Rc6 20. Bd3 Rfc8 21. Rcb1 Rb6 22. a5 Rxb1+ 23. Rxb1 Qc7 24. Bb4 Bb5 25. Bxb5 Nxb5 26. Bc5 Nbxd4 27. Bxd4 Nxd4 28.
Nxd4 Qxe5 29. a6 Ra8 30. Qb4 g6 31. Nc6 Qe2 32. a7 Kg7 33. Qd4+ Kh6 34. Qe3+ 1-0

[Variant "Standard"]
[Site "Europe Echecs"]

[Event "Championnat du monde jeunes U12F"]
[Date "2024.11.15"]
[White "Wang, Tianmu"]
[Black "Pavithra R V"]
[WhiteElo "1640"]
[BlackElo "1854"]
[Round "1.11"]
[Result "1/2-1/2"]
[TimeControl "5400+30"]

1. e4 c5 2. Nf3 Nc6 3. d4 cxd4 4. Nxd4 Nf6 5. Nc3 e5 6. Nxc6 bxc6 7. Bc4 Be7 8. O-O O-O 9. Qe2 a5 10. Rd1 Qc7 11. Be3 Rb8 12. Bb3 d6 13. h3 Rd8 14. f4 h6 15. g4 exf4 16. Bxf4 g5 17. Bg3 Qa7+ 18. Kg2 Ba6 19. Qf3 Bb7 20. Bxd6 Ba8 21. Bxb8 Rxb8 22. Rd3 a4 23. Nxa4 c5 24. Nc3 Qc7 25. Bc4 Rxb2 26. Rc1 Qe5 27. Bd5 Nxd5 28. Nxd5 Bd6 29. Kf1 c4 30. Rd2 Rxa2 31. Rf2 Ra7 32. Rb1 Bc5 33. Rd2 Ra1 34. Rxa1 Qxa1+ 35. Rd1 Qb2 36. Nf6+ Kg7 37. Nh5+ Kg8 38. Rd8+ Bf8 39. Rxa8 Qc1+ 40. Kg2 Qxc2+ 41. Kg3 Qb2 42. Rc8 Qe5+ 43. Kg2 Qe6 44. Qf5 Qb6 45. Nf6+ Kg7 46. Nh5+ Kg8 47. Qe5 Qg6 48. Qe8 Qd6 49. Nf6+ Kg7 50. Nd5 Qa3 51. Qe5+ Kh7 52. Nf6+ Kg6 53. Qf5+ Kg7 54. Nh5+ Kg8 55. Rc7 Be7 56. e5 Qb2+ 57. Kg3 Qc3+ 58. Kg2 Qb2+ 59. Qf2 Qxe5 60. Rc8+ Bf8 61. Qf5 Qe2+ 62. Kg1 Qd1+ 63. Kg2 Qe2+ 64. Kg3 Qe3+ 65. Qf3 Qg1+ 66. Qg2 Qe3+ 67. Kh2 Qe6 68. Ra8 Qe5+ 69. Ng3 c3 70. Qc2 Kg7 71. Qe4 Qc7 72. Qd4+ Kg8 73. Qd8 Qc5 74. Ne4 Qb4 75. Qd6 Qxd6+ 76. Nxd6 c2 77. Rc8 c1=Q 78. Rxc1 Bxd6+ 79. Kg2 Kg7 80. Rf1 Kg6 81. Rf3 f6 82. Kf2 Be5 83. Ke3 h5 84. Ke4 h4 1/2-1/2

[Variant "Standard"]
[Site "Europe Echecs"]

[Event "Championnat du monde jeunes U12F"]
[Date "2024.11.15"]
[White "Tran Le Vy"]
[Black "Bogomolnikova, Zlata"]
[WhiteElo "1854"]
[BlackElo "1628"]
[Round "1.12"]
[Result "1-0"]
[TimeControl "5400+30"]

1. e4 c5 2. Nf3 d6 3. c3 Nf6 4. Bd3 Nc6 5. Bc2 Bg4 6. d3 e6 7. Nbd2 Be7 8. h3 Bh5 9. Nf1 a6 10. Ng3 Bg6 11. O-O O-O 12. Re1 b5 13. d4 c4 14. d5 exd5 15. exd5 Bxc2 16. Qxc2 Ne5 17. Nxe5 dxe5 18. Nf5 Nd7 19. d6 Bf6 20. Be3 Re8 21. Qe4 Bg5 22. Qg4 Bf6 23. a4 e4 24. Bd4 Bxd4 25. cxd4 g6 26. Ne7+ Rxe7 27. dxe7 Qxe7 28. axb5 f5 29. Qf4 a5 30. Qc7 Rf8 31. Qxc4+ Kg7 32. Rxa5 Qg5 33. Ra7 Rf7 34. d5 Kh6 35. Qc3 f4 36. Rxe4 Qxd5 37. Rd4 Qf5 38. Qd2 Qb1+ 39. Qd1 Qxb2 40. Rdxd7 Rf8 41. Rxh7+ Kg5 42. Qg4+ Kf6 43. Qxf4+ Ke6 44. Qe4+ Kd6 45. Qc6+ Ke5 46. Rhe7+ Kf5 47. Qe4+ Kg5 48. h4+ Kh5 49. Rh7# 1-0

[Variant "Standard"]
[Site "Europe Echecs"]

[Event "Championnat du monde jeunes U12F"]
[Date "2024.11.15"]
[White "Muradova, Nebahat"]
[Black "Xue, Tianhao"]
[WhiteElo "1626"]
[BlackElo "1835"]
[Round "1.13"]
[Result "0-1"]
[TimeControl "5400+30"]

1. d4 Nf6 2. c4 g6 3. Nc3 d5 4. Nf3 Bg7 5. Bf4 O-O 6. e3 c5 7. cxd5 Nxd5 8. Be5 Nc6 9. Bxg7 Kxg7 10. Bc4 Nxc3 11. bxc3 Qa5 12. Qd2 Bg4 13. Bd5 Bxf3 14. Bxf3 Rac8 15. Rd1 cxd4 16. Bxc6 dxe3 17. Qxe3 Rxc6 18. O-O e6 19. Rd7 Qb6 20. Qe5+ Kg8 21. Rfd1 Rc5 22. Qf6 Rf5 23. Qh4 Rb5 24. h3 Rb1 25. Rxb1 Qxb1+ 26. Kh2 Qb6 27. Qg3 Qc6 28. Rc7 Qa6 29. c4 b6 30. a3 Qa5 31. Rb7 Qc5 32. Rc7 Qd4 33. Rxa7 Qxc4 34. Rb7 Qc5 35. Rc7 Qd5 36. Ra7 h5 37. Re7 b5 38. Ra7 Qd4 39. Rb7 h4 40. Qf3 Qe5+ 41. Kg1 Kg7 42. Rd7 Kg8 43. Rb7 Qa1+ 44. Kh2 Qe5+ 45. Kg1 Qg5 46. Rc7 e5 47. Rb7 Qc1+ 48. Kh2 Qc4 49. Qg4 Qd5 50. Rb6 Qd3 51. Qxh4 Rc8 52. Qg5 Re8 53. Qe3 Qc4 54. Qg3 Kg7 55. h4 Qc5 56. Ra6 Qe7 57. Qg4 Rh8 58. g3 Rh5 59. Qe4 Rf5 60. Qe3 Qc7 61. Rb6 Qc2 62. Kg2 Qc4 63. Rb8 Qd5+ 64. Kg1 Rf3 65. Qc1 Rd3 66. Kh2 Rd1 67. Qxd1 Qxd1 68. Rxb5 Qe2 0-1

[Variant "Standard"]
[Site "Europe Echecs"]

[Event "Championnat du monde jeunes U12F"]
[Date "2024.11.15"]
[White "Sunea, Sara Maria"]
[Black "Anu, Bayart-Uchral"]
[WhiteElo "1823"]
[BlackElo "1624"]
[Round "1.14"]
[Result "1/2-1/2"]
[TimeControl "5400+30"]

1. d4 Nf6 2. Nf3 e6 3. e3 c5 4. Bd3 d5 5. O-O Nc6 6. b3 Be7 7. Bb2 O-O 8. Nbd2 b6 9. a3 Qc7 10. Ne5 Nd7 11. f4 Bf6 12. Rf3 g6 13. Rg3 Ne7 14. Qf3 Bb7 15. Rf1 Bg7 16. Qe2 Nf5 17. Rh3 Nxe5 18. fxe5 f6 19. exf6 Bxf6 20. Nf3 Qe7 21. Ne5 Bxe5 22. dxe5 Rad8 23. e4 dxe4 24. Bxe4 Bxe4 25. Qxe4 Nd4 26. Rxf8+ Qxf8 27. Rd3 Nf5 28. Qc6 Ng7 29. Rd6 Qe7 30. g3 Qg5 31. Rxd8+ Qxd8 32. Qd6 Qe8 33. g4 Qf7 34. Bc1 Qf3 35. Qd8+ Kf7 36. Qd7+ Kg8 37. Qd8+ Kf7 38. Qc7+ Kg8 39. Qb8+ Kf7 40. Qxa7+ Kg8 41. Qb8+ Kf7 42. Qc7+ Kg8 43. Qd8+ Kf7 44. Qf6+ Qxf6 45. exf6 Kxf6 46. Kf2 e5 47. c3 Ne8 48. Kf3 Nd6 49. a4 Ke6 50. Be3 Nb7 51. Ke4 Nd6+ 52. Kd3 Kd5 53. c4+ Kc6 54. Bg5 Kd7 55. Bh4 Nb7 56. Bg3 Ke6 57. Ke4 Nd6+ 58. Kd3 Nb7 59. Ke4 Nd6+ 60. Ke3 Nb7 61. Ke4 Nd6+ 1/2-1/2

[Variant "Standard"]
[Site "Europe Echecs"]

[Event "Championnat du monde jeunes U12F"]
[Date "2024.11.15"]
[White "Stepankova, Linda"]
[Black "Xu, Luna Yuexiu"]
[WhiteElo "1624"]
[BlackElo "1821"]
[Round "1.15"]
[Result "0-1"]
[TimeControl "5400+30"]

1. e4 c5 2. c4 Nc6 3. Nc3 d6 4. d3 g6 5. g3 Bg7 6. Bg2 e6 7. Nge2 Nge7 8. O-O O-O 9. Be3 Nd4 10. Qd2 b6 11. Bh6 Bb7 12. Bxg7 Kxg7 13. f4 f5 14. Rab1 a5 15. b3 Qd7 16. Qb2 e5 17. Nd5 Nxd5 18. exd5 Nxe2+ 19. Qxe2 exf4 20. Rxf4 Rae8 21. Qd2 Qe7 22. Kf1 Qe3 23. Qb2+ Kg8 24. Rf3 Qh6 25. Qc1 Qxh2 26. Qf4 Re5 27. d4 cxd4 28. Qxd4 b5 29. Qb6 Bc8 30. Qxd6 Re2 31. Rf2 Rxf2+ 32.
Kxf2 f4 33. g4 Qg3+ 34. Kf1 Qd3+ 35.
Kf2 Qe3+ 36. Kf1 f3 37. Bxf3 Rxf3+ 38. Kg2 Qf2+ 39. Kh1 Rh3+ 0-1

[Variant "Standard"]
[Site "Europe Echecs"]

[Event "Championnat du monde jeunes U12F"]
[Date "2024.11.15"]
[White "Abak, Tuana"]
[Black "Siskou, Evangelia"]
[WhiteElo "1806"]
[BlackElo "1884"]
[Round "1.16"]
[Result "1-0"]
[TimeControl "5400+30"]

1. e4 e5 2. Nf3 Nc6 3. d4 exd4 4. Bc4 Nf6 5. e5 Ne4 6. Qe2 Nc5 7. O-O Be7 8. Rd1 Ne6 9. Nbd2 O-O 10. Nb3 d6 11. Bxe6 Bxe6 12. Nbxd4 Qd7 13. Bf4 Bg4 14. Nxc6 Qxc6 15. Rd3 Rfe8 16. Rc3 Qd7 17. Qc4 Rac8 18. Rd1 Red8 19. Bg3 Qe6 20. Qxe6 Bxe6 21. exd6 Bxd6 22. Bxd6 Rxd6 23. Rxd6 cxd6 24.
Rxc8+ Bxc8 25. Nd4 a6 26. Kf1 Kf8 27. Ke2 Ke7 28. Ke3 d5 29. Ne2 Bf5 30. c3 g6 31. Kd4 Kd6 32. b4 Bb1 33. a3 b6 34. Nf4 Ba2 35. h4 h6 36. g4 Bb3 37. h5 g5 38. Ng2 Bc2 39. Ne3 Be4 40. c4 f6 41. cxd5 Bb1 42. Nc4+ Kc7 43. d6+ Kd7 44. Nxb6+ Kxd6 45. Nc4+ Ke6 46. Nd2 Bc2 47. f3 f5 48. Nc4 Bd1 49. gxf5+ Kxf5 50. Ne3+ Kf4 51. Nxd1 Kxf3 52. a4 g4 53. b5 g3 54. Ne3 axb5 55. axb5 g2 56.
Nxg2 Kxg2 57. b6 Kg3 58. b7 Kg4 59. b8=Q Kxh5 60. Qg8 Kh4 61. Ke4 h5 62. Kf4 Kh3 63. Qg3# 1-0

[Variant "Standard"]
[Site "Europe Echecs"]

[Event "Championnat du monde jeunes U12F"]
[Date "2024.11.15"]
[White "Budhram, Kaylee"]
[Black "Illes-Nagy, Nora"]
[WhiteElo "1614"]
[BlackElo "1803"]
[Round "1.17"]
[Result "0-1"]
[TimeControl "5400+30"]

1. d4 d5 2. c4 c6 3. Nf3 Nf6 4. e3 Bg4 5. h3 Bh5 6. Be2 e6 7. O-O Nbd7 8. Nc3 Bd6 9. b3 O-O 10. Bb2 Qe7 11. Re1 dxc4 12. Bxc4 e5 13. Be2 Bxf3 14. Bxf3 e4 15. Be2 Nd5 16. Rc1 f5 17. Bc4 Nf6 18. a4 Kh8 19. Bxd5 Nxd5 20. Nxd5 cxd5 21. Qe2 a6 22. Kh1 Qh4 23. Qf1 f4 24. exf4 Qxf4 25. g3 Qxf2 26. Qxf2 Rxf2 27. Ba1 Bxg3 28. Rf1 Rxf1+ 29. Rxf1 e3 30.
Bc3 e2 31. Rg1 Bh4 32. Be1 Bxe1 33.
Rxe1 Re8 34. Kg2 Kg8 35. Kf3 Kf7 36.
Rxe2 Rxe2 37. Kxe2 Ke6 38. Ke3 g5 39. b4 b6 40. b5 axb5 41. axb5 Kf5 42.
Kf3 h5 43. Kg3 Ke4 44. h4 gxh4+ 45.
Kxh4 Kxd4 46. Kxh5 Ke3 47. Kg5 d4 48. Kf5 d3 49. Ke5 d2 50. Kd6 d1=Q+ 51. Kc6 Qd4 52. Kb7 Ke4 53. Ka7 Kd5 54. Kb7 Kd6 55. Ka7 Kc7 56. Ka8 Qa4# 0-1

[Variant "Standard"]
[Site "Europe Echecs"]

[Event "Championnat du monde jeunes U12F"]
[Date "2024.11.15"]
[White "Jordan, Christina"]
[Black "Ordonez Alarcon, Daniela"]
[WhiteElo "1803"]
[BlackElo "1606"]
[Round "1.18"]
[Result "1-0"]
[TimeControl "5400+30"]

1. e4 e5 2. Nf3 Nc6 3. Bb5 a6 4. Ba4 Nf6 5. O-O b5 6. Bb3 Nxe4 7. Re1 d5 8. d3 Nf6 9. Nxe5 Nxe5 10. Rxe5+ Be6 11. Nc3 Bd6 12. Re1 O-O 13. Bg5 c6 14. Ne2 h6 15. Bf4 g5 16. Bg3 Bg4 17. f3 Bh5 18. Qd2 Bxg3 19. Nxg3 Qc7 20. Qc3 Qf4 21. Qxc6 Qd4+ 22. Kh1 Rfc8 23. Qd6 Qxb2 24. Nxh5 Nxh5 25. Qxh6 Ng7 26. Bxd5 Ra7 27. Bb3 Qc3 28. Qxg5 Qc5 29. Re5 Qf2 30. Rae1 Rac7 31. Qg6 Kf8 32. Qxa6 Rc6 33. Qxb5 Rc5 34. Qb4 Kg8 35. R5e2 Rb5 36. Qxb5 Qa7 37. Re7 Qd4 38. Bxf7+ Kf8 39. Qb7 Qc3 40. Bg6 Kg8 41. Re8+ 1-0

[Variant "Standard"]
[Site "Europe Echecs"]

[Event "Championnat du monde jeunes U12F"]
[Date "2024.11.15"]
[White "Telyuk, Anastasiya"]
[Black "Li, Sophie"]
[WhiteElo "1603"]
[BlackElo "1798"]
[Round "1.19"]
[Result "0-1"]
[TimeControl "5400+30"]

1. e4 e5 2. Nf3 Nc6 3. d4 exd4 4. c3 dxc3 5. Nxc3 Bb4 6. Bc4 d6 7. O-O Bxc3 8. bxc3 Nf6 9. Bg5 h6 10. Bh4 O-O 11. Rb1 Bg4 12. Be2 b6 13. Nd4 Bxe2 14. Qxe2 Ne5 15. f4 Ng6 16. Nc6 Qe8 17. Bxf6 Qxc6 18. Bd4 Rfe8 19. Rbe1 Qd7 20. f5 Ne5 21. f6 g6 22. Qd2 Kh7 23. Rf4 g5 24. Rf5 Ng6 25. Qe2 Nf4 26. Qg4 h5 27. Qd1 Kh6 28. Be3 Rxe4 29. g4 Nh3+ 30. Kh1 Rxg4 31. Qd5 Re8 32. Rf3 Nf4 33. Qd2 Qc6 34. Rf1 Rg2 35. Qc1 Nd3 36. Qd1 Rxe3 37. Kxg2 g4 38. Qd2 Nf4+ 39. Kg1 Rxf3 40. Rxf3 Qxf3 0-1

[Variant "Standard"]
[Site "Europe Echecs"]

[Event "Championnat du monde jeunes U12F"]
[Date "2024.11.15"]
[White "Rzadkowska, Kaja"]
[Black "Chen, Pin-I"]
[WhiteElo "1798"]
[BlackElo "1601"]
[Round "1.20"]
[Result "1-0"]
[TimeControl "5400+30"]

1. e4 c6 2. d4 d5 3. Nd2 dxe4 4. Nxe4 Nf6 5. Nxf6+ exf6 6. c3 Bd6 7. Bd3 O-O 8. Qc2 Re8+ 9. Ne2 h5 10. Be3 h4 11. O-O-O Nd7 12. Kb1 Nf8 13. h3 Be6 14. Rhg1 a5 15. g3 hxg3 16. Nxg3 a4 17. Nh5 g5 18. Nxf6+ Qxf6 19. Rxg5+ Ng6 20. Bxg6 Kf8 21. Bh7 Ke7 22. Rgg1 Bf4 23. c4 Red8 24. Qd2 Bxe3 25. Qb4+ Kd7 26. Qxb7+ Kd6 27. c5+ Kd5 28. fxe3 Bf5+ 29. e4+ Bxe4+ 30. Bxe4+ Kxe4 31. Rge1+ Kd5 32. b3 Qf5+ 33. Ka1 Re8 34. Re5+ Rxe5 35. dxe5+ Kxc5 36. b4+ Kc4 37. Qxc6+ Kxb4 38. Rd4+ Ka3 39.
Qc1# 1-0

[Variant "Standard"]
[Site "Europe Echecs"]

[Event "Championnat du monde jeunes U12F"]
[Date "2024.11.15"]
[White "Sevastsyanchuk, Anastasiya"]
[Black "Amanzhol, Khanzada"]
[WhiteElo "1595"]
[BlackElo "1780"]
[Round "1.21"]
[Result "0-1"]
[TimeControl "5400+30"]

1. e4 d6 2. d4 Nf6 3. Nc3 e5 4. Nf3 Nbd7 5. g4 Nxg4 6. Rg1 Ngf6 7. Bc4 h6 8. Be3 c6 9. Nh4 Nb6 10. Bb3 g5 11. Nf3 Qc7 12. Qe2 Bg4 13. dxe5 dxe5 14. O-O-O Bd6 15. Rd3 O-O-O 16. Bxb6 axb6 17. Rh1 Nh5
18. Qd1 Nf4 19. Rd2 Bc5 20. Nb1 Bxf2 21. Rf1 Be3 22. Qe1 Bxd2+ 23. Nbxd2 f6 24. Qf2 Kb8 25. Nc4 b5 26. Ne3 Bh3 27. Re1 Rh7 28. Ng1 Bc8 29. h4 Qb6 30. Qg3 Qc5 31. Kb1 gxh4 32. Qf3 Rg7 33. Ne2 Nxe2 34. Qxe2 Rg3 35. c3 h3 36. Qf2 Rg5 37. Qxf6 Rd2 38. Qxh6 Qxe3 39. Rc1 Qxe4+ 40. Ka1 Qg2 41. Be6 Rg6 0-1

[Variant "Standard"]
[Site "Europe Echecs"]

[Event "Championnat du monde jeunes U12F"]
[Date "2024.11.15"]
[White "Bassari, Senem Gul"]
[Black "Busuioc, Amelie"]
[WhiteElo "1778"]
[BlackElo "1581"]
[Round "1.22"]
[Result "1-0"]
[TimeControl "5400+30"]

1. e4 c5 2. Nf3 Nc6 3. d3 b6 4. g3 Bb7 5. Bg2 Nf6 6. O-O d6 7. Nc3 g6 8. Bg5 Bg7 9. Qd2 O-O 10. Bh6 Re8 11. Bxg7 Kxg7 12. d4 e6 13. Rad1 Qe7 14. dxc5 dxc5 15. e5 Ng4 16. Qf4 h5 17. h3 Nh6 18. Ne4 Ng8 19. Nd6 Rf8 20. Nxb7 Qxb7 21. Ng5 Qc7 22. Bxc6 Qxc6 23. Rd6 Qb7 24. Rfd1 Nh6 25. Rd7 Qa6 26. Nxe6+ Kh7 27. Nxf8+ Rxf8 28. e6 Qb5 29. e7 Re8 30. Qf6 Ng8 31. Qxf7+ Kh8 32. Qxe8 1-0

[Variant "Standard"]
[Site "Europe Echecs"]

[Event "Championnat du monde jeunes U12F"]
[Date "2024.11.15"]
[White "Saharkar, Sharvari"]
[Black "Zavivaeva, Kristina"]
[WhiteElo "1581"]
[BlackElo "1775"]
[Round "1.23"]
[Result "0-1"]
[TimeControl "5400+30"]

1. e4 c5 2. Nc3 d6 3.
Nge2 Nf6 4. d4 cxd4 5. Nxd4 a6 6. Be3 e5 7. Nb3 Be6 8. f3 Be7 9. Qd2 Nbd7 10. Bd3 b5 11. a3 O-O 12. O-O Nc5 13. Nd5 Rc8 14. Rac1 Bxd5 15. exd5 Qc7 16. Rfe1 Qb7 17. Bf5 Rcd8 18. Bxc5 dxc5 19. Rxe5 Qc7 20. Qg5 h6 21. Bh7+ Kxh7 22. Qe3 Bd6 23. Rf5 Rfe8 24. Qd2 Bxh2+ 25. Kf1 c4 26. Na5 Qb6 27. Qf2 Qxa5 28. g3 Nxd5 29. Rxd5 Rxd5 30. Qxh2 Rd2 31. Qh3 Qb6 32. Qf5+ Kg8 33. Re1 Qf2# 0-1

[Variant "Standard"]
[Site "Europe Echecs"]

[Event "Championnat du monde jeunes U12F"]
[Date "2024.11.15"]
[White "Mozolevskaya, Tatyana Nik"]
[Black "Dzafic, Merjem"]
[WhiteElo "1775"]
[BlackElo "1568"]
[Round "1.24"]
[Result "1-0"]
[TimeControl "5400+30"]

1. Nf3 c6 2. g3 d5 3. Bg2 Nf6 4. O-O Bf5 5. d3 e6 6. b3 Nbd7 7. Bb2 Be7 8. Nbd2 O-O 9. Re1 Bg6 10. e4 dxe4 11. dxe4 Qb6 12. Qe2 Rfd8 13. Nc4 Qc7 14. Nfe5 Nc5 15. Nxg6 hxg6 16. Be5 Qc8 17. Rad1 Ncd7 18. Bf4 Nh5 19. Bd6 Bxd6 20. Nxd6 Qc7 21. e5 Nb6 22. c4 Rd7 23. Qd2 Rad8 24. g4 Nf6 25. c5 Nxg4 26.
cxb6 axb6 27. f4 f6 28. Qe2 fxe5 29.
Qxg4 Rxd6 30. Rxd6 Qxd6 31. fxe5 Qd7 32. Qxg6 Qd4+ 33. Kh1 Qd7 34. Be4 Qf7 35. Qh7+ Kf8 36. Kg1 Ke7 37. Rf1 Rd1 38. Rxd1 1-0

[Variant "Standard"]
[Site "Europe Echecs"]